 Dungeon Crawl Stone Soup version 0.27-a0-1301-g128193abf8 (webtiles) character file.

Game seed: 1744928660484453679

2 porpoise the Skirmisher (level 1, -2/16 HPs)
             Began as a Demonspawn Wanderer on June 18, 2021.
             Slain by a kobold (4 damage)
             ... on level 1 of the Dungeon.
             The game lasted 00:01:00 (42 turns).

porpoise the Skirmisher (Demonspawn Wanderer)         Turns: 42, Time: 00:01:01

Health: -2/16      AC:  2    Str: 12    XL:     1   Next: 33%
Magic:  1/1        EV: 11    Int: 14    God:
Gold:   0          SH:  0    Dex: 11    Spells: 0/0 levels left

rFire    . . .     SeeInvis .   a - +0 hand axe
rCold    . . .     Faith    .   (no shield)
rNeg     . . .     Spirit   .   b - +0 robe
rPois    .         Reflect  .   (no helmet)
rElec    .         Harm     .   (no cloak)
rCorr    .         Rampage  .   (no gloves)
Will     .....                  (no boots)
Stlth    +.........             (no amulet)
HPRegen  0.05/turn              (no ring)
MPRegen  0.07/turn              (no ring)

@: no status effects
A: no striking features
a: no special abilities


You were on level 1 of the Dungeon.
You visited 1 branch of the dungeon, and saw 1 of its levels.

Inventory:

Hand Weapons
 a - a +0 hand axe (weapon)
Armour
 b - a +0 robe (worn)


   Skills:
 + Level 2.2 Fighting
 - Level 1.0 Crossbows
 - Level 1.7 Armour
 - Level 1.0 Stealth
 - Level 1.1 Necromancy
 - Level 1.7 Air Magic
 - Level 1.0 Evocations


You couldn't memorise any spells.
You didn't know any spells.
Your spell library contained the following spells:

 Spells                   Type           Power      Damage    Failure   Level
 Animate Skeleton         Necr           6%         N/A       19%         1
 Pain                     Necr           12%        1d4       19%         1
 Apportation              Tloc           0%         N/A       28%         1
 Vampiric Draining        Necr           1%         2d6       50%         3
 Gell's Gravitas          Tloc           0%         N/A       65%         3
 Animate Dead             Necr           1%         N/A       88%         4
 Agony                    Necr           3%         N/A       99%         5


Dungeon Overview and Level Annotations

Branches:
Dungeon (1/15)

Altars:


Message History

An endoplasm comes into view.
You enter the shallow water.
Moving in this stuff is going to be slow.
The endoplasm quivers.
You slash the endoplasm!
You kill the endoplasm!
You hit the toadstool but do no damage.
No target in view!
You enter the shallow water.
Moving in this stuff is going to be slow.
You see here a +0 club.
There is a staircase leading out of the dungeon here.
You enter the shallow water.
Moving in this stuff is going to be slow.
A bat comes into view.
A kobold comes into view. It is wielding a +2 vampiric dagger.
The kobold shouts!
A goblin comes into view. It is wielding a +0 club.
The bat hits you but does no damage.
You slash the bat!
You kill the bat!
A bat comes into view.
You enter the shallow water.
Moving in this stuff is going to be slow.
The goblin shouts!
You closely miss the kobold.
The kobold hits you with a +2 vampiric dagger.
You hit the kobold but do no damage.
The kobold hits you with a +2 vampiric dagger.
You barely miss the kobold. The kobold misses you.
The kobold hits you with a +2 vampiric dagger.
You barely miss the kobold.
The kobold hits you with a +2 vampiric dagger.
* * * LOW HITPOINT WARNING * * *
You closely miss the kobold.
The kobold hits you with a +2 vampiric dagger.
* * * LOW HITPOINT WARNING * * *
You closely miss the kobold.
The kobold hits you with a +2 vampiric dagger.
You die...

#.. #†#..#..#
#..##.#....#
#........#.##
#.#............
#.......#.##.##
#####≈...≈##.#
##≈♣≈g≈♣≈#.#
#≈♣⌠♣K♣⌠♣≈.
##≈♣.@.♣≈#.#
##≈...≈##.#
#≈...≈# #≈.<.≈#
#≈.).≈# .
##≈...≈##
...#≈P...♣≈#
....≈P⌠P≈♣⌠♣≈.
.....≈P≈.≈♣≈..#


You could see a goblin and a kobold.

Vanquished Creatures
  A bat (D:1)
  An endoplasm (D:1)
2 creatures vanquished.

Notes
Turn   | Place    | Note
-------+----------+-------------------------------------------
     0 | D:1      | porpoise the Demonspawn Wanderer began the quest for the
                  | Orb.
     0 | D:1      | porpoise set off with the following items: a +0 club, a +0
                  | robe; and the following spells available to memorise:
                  | Animate Skeleton, Pain, Apportation, Vampiric Draining,
                  | Gell's Gravitas, Animate Dead, Agony
     0 | D:1      | Reached XP level 1. HP: 16/16 MP: 1/1
    42 | D:1      | Slain by a kobold

Illustrated notes

Levels and vault maps discovered:
D:1:      ldierk_water_garden, layout_basic,
          ebering_ecumenical_altar_sacrificial, chequers_serial_rivers_marsh

Action                   || total
-------------------------++-------
Melee: Hand axe          ||     8
Armor: Robe              ||     1
Dodge: Dodged            ||     1

Table legend: (Time is in decaauts)
 A = Elapsed time spent in this place.
 B = Non-inter-level travel time spent in this place.
 C = Inter-level travel time spent in this place.
 D = Time resting spent in this place.
 E = Time spent auto-exploring this place.
 F = Levels seen in this place.
 G = Mean time per level.
                   A        B        C        D        E       F      G
               +--------+--------+--------+--------+--------+-----+--------+
         Total |     46 |     46 |      0 |      0 |      0 |   1 |   46.0 |
       Dungeon |     46 |     46 |      0 |      0 |      0 |   1 |   46.0 |
               +--------+--------+--------+--------+--------+-----+--------+

Top non-repeatable levels by time:
     D:1: 46 daAuts
